 Dungeon Crawl Stone Soup version 0.31-a0-963-ga325b2283a (webtiles) character file.

Game seed: 13866234488793612685

267530 BinkBink the Severer (level 20, -21/134 HPs)
             Began as a Gargoyle Monk on Oct 24, 2023.
             Was the Champion of Qazlal.
             Killed by Lee's Rapid Deconstruction
             ... invoked by a deep elf elementalist
              (32 damage)
             ... on level 3 of the Elven Halls.
             The game lasted 01:13:37 (29321 turns).

BinkBink the Severer (Gargoyle Monk)               Turns: 29321, Time: 01:13:38

Health: -21/134    AC: 56    Str: 25    XL:     20   Next: 13%
Magic:  29/29      EV: 14    Int: 20    God:    Qazlal [******]
Gold:   2052       SH:  8    Dex: 21    Spells: 19/19 levels left

rFire   + + .        o - +9 battleaxe (flame)
rCold   . . .        (shield currently unavailable)
rNeg    + + .        L - +1 crystal plate armour of the Furies {Dex+5}
rPois   ∞            S - +2 hat {Stlth+}
rElec   +            M - +1 cloak
rCorr   .            E - +1 pair of gloves of Fofy {rElec rPois MP+9 Int+2}
SInv    +            p - +3 pair of seven-league boots {Rampage+∞}
Will    ++...        U - amulet "Ilades" {Faith rF+ Regen+ Int+4 SInv} Stlth
                     k - +6 ring of strength
HPRegen 1.22/turn    W - ring of Pyuwe {rF+ rN+ Will+ Int+2}
MPRegen 0.21/turn

%: repel missiles, rampage+∞, faith
@: protected from physical damage, flying, studying Shields
A: sickness immunity, AC +15, big wings, negative energy resistance 1,
electricity resistance, torment resistance 1, petrification resistance, sturdy
frame 1
}: 2/15 runes: decaying, gossamer
a: Renounce Religion, Upheaval, Elemental Force, Disaster Area


You were on level 3 of the Elven Halls.
You worshipped Qazlal.
Qazlal was exalted by your worship.
You visited 6 branches of the dungeon, and saw 30 of its levels.
You visited the Abyss 2 times.
You also visited: Sewer, Ossuary, Gauntlet and Ice Cave.

You collected 3014 gold pieces.
You spent 962 gold pieces at shops.

Inventory:

Hand Weapons
 o - a +9 battleaxe of flaming (weapon)
 r - the +9 long sword "Qotadd" {freeze, *Rage Dex+4}
   (You found it on level 4 of the Spider Nest)

   Dex+4:     It affects your dexterity (+4).
   *Rage:     It berserks you when you make melee attacks (+20% chance).
Armour
 l - a +2 plate armour of willpower
 p - the +3 pair of seven-league boots (worn) {Rampage+∞}
   (You acquired it on level 1 of the Abyss)

   Rampage+∞: When moving toward enemies, its wearer moves as far as possible,
   alerting their target en route.
 E - the +1 pair of gloves of Fofy (worn) {rElec rPois MP+9 Int+2}
   (You found it on level 3 of the Spider Nest)

   Int+2:     It affects your intelligence (+2).
   rElec:     It insulates you from electricity.
   rPois:     It protects you from poison MP+9: It affects your magic capacity
   (+9).
 L - the +1 crystal plate armour of the Furies (worn) {Dex+5}
   (You acquired it on level 3 of the Elven Halls)

   Dex+5:     It affects your dexterity (+5).
 M - a +1 cloak (worn)
 S - a +2 hat of stealth (worn)
Jewellery
 k - a +6 ring of strength (left hand)
 s - a +6 ring of dexterity
 u - an amulet of reflection
 y - a ring of positive energy
 O - a ring of protection from cold
 P - a +4 ring of slaying
 U - the amulet "Ilades" (around neck) {Faith rF+ Regen+ Int+4 SInv}
   (You found it in a Gauntlet)

   [amulet of faith]

   Faith:     It allows you to gain divine favour quickly.
   Int+4:     It affects your intelligence (+4).
   rF+:       It protects you from fire.
   SInv:      It lets you see invisible.
   Regen+:    It increases your rate of health regeneration.
 W - the ring of Pyuwe (right hand) {rF+ rN+ Will+ Int+2}
   (You found it in a Gauntlet)

   [ring of willpower]

   Int+2:     It affects your intelligence (+2).
   rF+:       It protects you from fire.
   rN+:       It protects you from negative energy.
   Will+:     It increases your willpower.
Wands
 b - a wand of mindburst (43)
 j - a wand of charming (7)
 w - a wand of quicksilver (13)
 A - a wand of flame (101)
 C - a wand of iceblast (37)
Scrolls
 d - 2 scrolls of enchant armour
 n - 7 scrolls of fog
 t - 7 scrolls of immolation
 v - a scroll of brand weapon
 x - 9 scrolls of teleportation
 D - 2 scrolls of enchant weapon
 F - 3 scrolls of poison
 H - 10 scrolls of identify
 I - 4 scrolls of fear
 K - 3 scrolls of amnesia
 T - 4 scrolls of revelation
Potions
 a - 3 potions of mutation
 c - 5 potions of ambrosia
 e - 6 potions of curing
 f - 9 potions of lignification
 g - 5 potions of invisibility
 h - 2 potions of magic
 i - 4 potions of brilliance
 m - 7 potions of cancellation
 q - 2 potions of resistance
 B - 4 potions of enlightenment
 G - 5 potions of attraction
 J - 3 potions of haste
 Z - 3 potions of might


   Skills:
 + Level 17.5 Fighting
 * Level 20.5 Axes
 + Level 17.2 Armour
 + Level 13.7 Dodging
 - Level 9.7 Stealth
 - Level 3.7 Shields


You had 19 spell levels left.
You didn't know any spells.
Your spell library contained the following spells:

 Spells                   Type           Power      Damage    Failure   Level
 Slow                     Hex            0%         N/A       93%         1
 Sting                    Tmut/Pois      0%         1d3       93%         1
 Blink                    Tloc           0%         N/A       98%         2
 Ensorcelled Hibernation  Hex/Ice        0%         N/A       98%         2
 Jinxbite                 Hex            0%         N/A       98%         2
 Lesser Beckoning         Tloc           0%         N/A       98%         2
 Momentum Strike          Conj/Tloc      0%         3d8       98%         2
 Poisonous Vapours        Pois/Air       0%         N/A       98%         2
 Call Canine Familiar     Summ           0%         N/A       100%        3
 Confusing Touch          Hex            0%         N/A       100%        3
 Dazzling Flash           Conj/Hex       0%         N/A       100%        3
 Frozen Ramparts          Ice            0%         1d1       100%        3
 Gell's Gravitas          Tloc           0%         N/A       100%        3
 Ignite Poison            Fire/Tmut/Pois 0%         N/A       100%        3
 Ozocubu's Armour         Ice            0%         N/A       100%        3
 Sigil of Binding         Hex            0%         N/A       100%        3
 Teleport Other           Tloc           0%         N/A       100%        3
 Vampiric Draining        Necr           0%         2d6       100%        3
 Volatile Blastmotes      Fire/Tloc      0%         2d10      100%        3
 Anguish                  Hex/Necr       0%         N/A       100%        4
 Animate Armour           Summ/Erth      0%         N/A       100%        4
 Cause Fear               Hex            0%         N/A       100%        4
 Dimensional Bullseye     Hex/Tloc       0%         N/A       100%        4
 Leda's Liquefaction      Hex/Erth       0%         N/A       100%        4
 Olgreb's Toxic Radiance  Pois           0%         N/A       100%        4
 Petrify                  Tmut/Erth      0%         N/A       100%        4
 Summon Ice Beast         Ice/Summ       0%         N/A       100%        4
 Summon Lightning Spire   Summ/Air       0%         N/A       100%        4
 Vhi's Electric Charge    Tloc/Air       0%         N/A       100%        4
 Agony                    Necr           0%         N/A       100%        5
 Arcjolt                  Conj/Air       0%         1d10      100%        5
 Fireball                 Conj/Fire      0%         3d3       100%        5
 Freezing Cloud           Conj/Ice/Air   0%         6-21      100%        5
 Irradiate                Conj/Tmut      0%         3d11      100%        5
 Iskenderun's Battlesphe  Conj           0%         2d6       100%        5
 Lee's Rapid Deconstruct  Erth           0%         3d4*      100%        5
 Metabolic Englaciation   Hex/Ice        0%         N/A       100%        5
 Silence                  Hex/Air        0%         N/A       100%        5
 Summon Mana Viper        Hex/Summ       0%         N/A       100%        5
 Bombard                  Conj/Erth      0%         9d1       100%        6
 Dispersal                Tloc           0%         N/A       100%        6
 Plasma Beam              Fire/Air       0%         2x1d10    100%        6
 Starburst                Conj/Fire      0%         6d3       100%        6
 Monstrous Menagerie      Summ           0%         N/A       100%        7
 Ozocubu's Refrigeration  Ice            0%         4d7       100%        7
 Spellforged Servitor     Conj/Summ      0%         N/A       100%        7
 Discord                  Hex            0%         N/A       100%        8
 Ignition                 Fire           0%         3d3       100%        8
 Maxwell's Capacitive Co  Air            0%         ∞         100%        8
 Dragon's Call            Summ           0%         N/A       100%        9
 Cigotuvi's Dreadful Rot  Necr/Pois/Air  Unusable   N/A       N/A         2
 Sublimation of Blood     Necr           Unusable   N/A       N/A         2

Dungeon Overview and Level Annotations

Branches:
Dungeon (12/15)            Temple (0/1) D:7            Lair (5/5) D:9
  Swamp (4/4) Lair:3       Spider (4/4) Lair:2        Slime (0/5) Lair:5
    Orc (2/2) D:10            Elf (3/3) Orc:2         Sewer (visited)
Ossuary (visited)           IceCv (visited)         Gauntlet (visited)

Altars:
Dithmenos
Elyvilon
Fedhas
Kikubaaqudgha
Qazlal
Trog
Vehumet
Wu Jian
Zin
Jiyva

Shops:
D:7 *   D:11 *?   Orc:2 [=??   Elf:2 =

Portals:
Pandemonium: Orc:2


Innate Abilities, Weirdness & Mutations

You are immune to sickness and miasma.
Your stone body is resilient. (AC +15)
You are immune to poison.
Your large and strong wings let you fly.
You resist negative energy. (rN+)
You are resistant to electric shocks. (rElec)
You are resistant to unholy torment.
You are immune to petrification.
Your movements are slightly less encumbered by armour. (ER -2)


Message History

Things that are here:
a +0 short sword; a +0 scale mail; an elf corpse Your butterfly is engulfed in freezing vapours.
You kill your butterfly!
Your butterfly disappears in a burst of colours!
Your butterfly is engulfed in a thunderstorm.
You kill your butterfly!
Your butterfly disappears in a burst of colours!
Your surroundings suddenly seem different.
You hear a shout!
You hear a shout!
A deep elf elementalist comes into view.
It is wielding a +0 long sword.
You hear a shout!
The deep elf elementalist hits you but does no damage.
You carve the deep elf elementalist like a ham!!!
You burn the deep elf elementalist!
The deep elf elementalist is almost dead.
You block the deep elf elementalist's attack.
You slash the deep elf elementalist! You burn the deep elf elementalist.
You kill the deep elf elementalist!
Qazlal accepts your kill.
You hear a shout!
Your life force feels restored.
A deep elf annihilator and a deep elf elementalist come into view.
The deep elf annihilator is wielding the +7 falchion "Vifewe" {spect, *Slow Fly rF+++ Str+3}.
The deep elf elementalist is wielding the +3 great mace "Okhlool" {venom, Dex+5} and wearing the ring "Huliang" {rN+ MP+9 Str+8}.
The deep elf annihilator shouts!
The deep elf elementalist shouts!
The deep elf elementalist points at the crystal wall and mumbles some strange words.
The blast of crystal shards hits you.
You feel more protected from physical attacks.
The deep elf annihilator moves out of view.
Items here: $ ) = [ †.
A water elemental comes into view.
Found a book of Beasts.
The deep elf elementalist shouts!
The deep elf elementalist gestures at you while chanting.
You shatter!!!
* * * LOW HITPOINT WARNING * * *
The deep elf elementalist gestures at you while chanting.
You shatter!!
You die...

##+#### #.8...
#.....### .....
#.⌠.....## 8...
#........## ...
#...####...#
##'# #.. ##..##
#..# #.. #°..#
########... ..
#).○#
#.)..)....) .
#.@°#
#)#######.'
#..○.'..:#.# #.#
...E.○.#####)#
###
....☼.####.)..)#
.e.○###....).###
e.°##........#
..#
Ee°#.....#...#
..##
E°##....###..#
.E.## #....##
...#


You could see a deep elf annihilator (empowered), 2 deep elf elementalists, a
water elemental and 2 fire elementals.

Vanquished Creatures
  A bone dragon (Abyss:1)
  A lich (IceCv)
  2 tentacled monstrosities
  Jorgrun (Swamp:2)
  2 deep elf blademasters
  A deep elf master archer (Elf:3)
  2 tentacled starspawn (Abyss:1)
  Donald (Spider:4)
  3 thorn hunters
  Frances (Lair:3)
  Kirke (Swamp:1)
  Aizul (Swamp:2)
  3 deep elf elementalists (Elf:3)
  4 ghost moths
  2 emperor scorpions
  An angel (Abyss:1)
  An orc warlord (Orc:1)
  2 deep elf annihilators (Elf:3)
  3 eleionomae (Swamp:4)
  3 broodmothers
  3 deep elf demonologists
  4 spark wasps (Spider:4)
  A bunyip (Swamp:3)
  A minotaur (Gauntlet)
  3 deep elf death magi (Elf:3)
  4 deep elf high priests (Elf:3)
  4 entropy weavers
  Fannar (Orc:1)
  Harold (Orc:1)
  A rakshasa (Orc:1)
  2 demonspawn (Orc:2)
  An ice dragon (Swamp:2)
  3 great orbs of eyes
  2 jorogumos
  A catoblepas (Lair:3)
  16 hydras
  2 boulder beetles
  An ogre mage (Orc:1)
  A spriggan skeleton (Abyss:1)
  3 caustic shrike simulacra (IceCv)
  4 ghost crabs
  The ghost of test the Djinni Aeon, a journeyman DjSh of Cheibriados (D:10)
  5 radroaches
  Erica (D:8)
  23 dancing weapons
  5 alligators
  5 death yaks (Gauntlet)
  6 two-headed ogres
  10 demonic crawlers
  2 thrashing horrors (Abyss:1)
  5 spriggans
  6 orc high priests
  Sonja (Orc:1)
  A shadow wraith (Abyss:1)
  13 deep elf knights
  2 wretched stars (Abyss:1)
  6 skysharks
  5 sun moths
  4 large abominations (Abyss:1)
  2 sixfirhies (Abyss:1)
  8 goliath frogs
  5 pharaoh ants
  10 swamp dragons
  11 orb spiders
  An arcanist (Gauntlet)
  20 bog bodies
  An obsidian statue (IceCv)
  A spriggan simulacrum (IceCv)
  7 deep elf archers
  A lindwurm (Lair:4)
  2 necromancers
  4 steelbarb worms
  6 oklob plants
  17 deep elf pyromancers
  2 cyclopes (D:11)
  8 orc sorcerers
  4 ugly things
  36 wolf spiders
  18 deep elf zephyrmancers
  5 orc knights (Orc:2)
  3 elephants (Lair:2)
  4 moths of wrath
  4 will-o-the-wisps
  5 black mambas
  Maurice (D:8)
  5 torpor snails
  12 cane toads
  A rust devil (Abyss:1)
  2 smoke demons (Abyss:1)
  14 freezing wraiths (IceCv)
  14 komodo dragons
  Psyche (D:8)
  A hellion (Abyss:1)
  8 anaconda simulacra (IceCv)
  An ice devil (IceCv)
  A golden dragon simulacrum (IceCv)
  A komodo dragon (shapeshifter) (Elf:3)
  3 ancient zymes (Abyss:1)
  6 polar bears
  2 trolls
  5 hornets
  3 raiju (Abyss:1)
  10 tyrant leeches
  2 hellwings (Orc:2)
  2 alligator simulacra (IceCv)
  37 tarantellas
  24 blink frogs
  8 dream sheep (Lair:4)
  Sigmund (D:2)
  29 culicivoras
  29 jumping spiders
  6 flying skulls (Gauntlet)
  5 air elementals
  2 shadows
  5 dire elephant simulacra (IceCv)
  A water elemental (Elf:2)
  3 ynoxinuls (Abyss:1)
  A fire elemental (Elf:2)
  A wraith (D:9)
  A human (shapeshifter) (D:10)
  37 yaks
  2 golden eyes (Abyss:1)
  3 steam dragons
  10 basilisks
  13 starcursed masses
  49 redbacks
  2 chaos spawn
  3 minotaur simulacra (IceCv)
  5 vampire mosquitoes (Lair:5)
  3 wargs
  Menkaure (Ossuary)
  4 acid dragons
  2 harpy simulacra (IceCv)
  18 swamp worms
  3 hydra simulacra (IceCv)
  5 water moccasins
  2 ice beasts
  7 swamp drakes (Swamp:4)
  35 orc warriors
  2 sky beasts
  5 black bears (Lair:2)
  6 ogres
  3 wolves (Lair:1)
  An ettin simulacrum (IceCv)
  9 centaurs
  A phantom (D:6)
  16 bullfrogs
  A kobold brigand (D:9)
  4 earth elementals
  A deep troll simulacrum (IceCv)
  3 gnoll sergeants
  6 scorpions
  15 wights
  2 small abominations (Abyss:1)
  A lindwurm simulacrum (IceCv)
  13 killer bees
  3 electric eels
  3 jellies
  3 centaur zombies (Ossuary)
  2 quasits (Abyss:1)
  25 orc priests
  7 hounds
  An iron imp (Abyss:1)
  A sleepcap (D:8)
  22 orc wizards
  9 iguanas
  A sickly merfolk siren (Sewer)
  A malarious merfolk avatar (Sewer)
  2 ogre zombies (Ossuary)
  6 mummies (Ossuary)
  16 gnolls
  12 adders
  2 river rats (Sewer)
  2 shadow imps
  6 white imps
  2 ufetubi (D:7)
  4 adder zombies (Ossuary)
  A worm (D:3)
  2 dart slugs (D:1)
  80 orcs
  18 ball pythons
  5 endoplasms
  14 giant cockroaches
  11 goblins
  2 hobgoblins
  3 jackals (D:1)
  7 quokkas
  8 bats
  16 frilled lizards
  4 goblin zombies (Ossuary)
  3 hobgoblin zombies (Ossuary)
  5 kobolds
  6 kobold zombies (Ossuary)
  3 quokka zombies (Ossuary)
  26 rats
  5 rat zombies (Ossuary)
  A starspawn tentacle (Abyss:1)
1272 creatures vanquished.

Vanquished Creatures (others)
  A hydra (Swamp:4)
  A deep elf zephyrmancer (Elf:2)
  A bloated husk (Swamp:1)
  3 hogs (Swamp:1)
  6 foxfires (Swamp:2)
  5 starspawn tentacles (Abyss:1)
17 creatures vanquished.

Grand Total: 1289 creatures vanquished

Notes
Turn   | Place    | Note
-------+----------+-------------------------------------------
     0 | D:1      | BinkBink the Gargoyle Monk began the quest for the Orb.
     0 | D:1      | Reached XP level 1. HP: 14/14 MP: 1/1
    94 | D:1      | Reached skill level 3 in Axes
    94 | D:1      | Reached XP level 2. HP: 17/19 MP: 2/2
   155 | D:1      | Found a faded altar of an unknown god.
   192 | D:1      | Prayed at the altar of an unknown god.
   192 | D:1      | Became a worshipper of Qazlal Stormbringer
   192 | D:1      | Reached * piety under Qazlal
   192 | D:1      | Reached ** piety under Qazlal
   390 | D:1      | Reached XP level 3. HP: 19/23 MP: 3/3
   415 | D:1      | Reached *** piety under Qazlal
   899 | D:2      | Noticed Sigmund
   973 | D:2      | Reached XP level 4. HP: 26/29 MP: 4/4
  1016 | D:2      | Found an ancient bone altar of Kikubaaqudgha.
  1066 | D:2      | Reached skill level 1 in Armour
  1208 | D:2      | Reached **** piety under Qazlal
  1209 | D:2      | Reached XP level 5. HP: 33/33 MP: 5/5
  1340 | D:2      | Killed Sigmund
  1341 | D:2      | Reached skill level 4 in Axes
  1341 | D:2      | Reached XP level 6. HP: 36/39 MP: 6/6
  1998 | D:3      | Found a radiant altar of Vehumet.
  2013 | D:3      | Identified the +0 robe of Somewhere Else {Will+}
  2023 | D:3      | Found a glowing drain.
  2032 | Sewer    | Entered a sewer
  2099 | Sewer    | Reached XP level 7. HP: 44/44 MP: 7/7
  2109 | Sewer    | Reached skill level 5 in Axes
  2175 | Sewer    | Reached ***** piety under Qazlal
  2621 | D:4      | Reached skill level 5 in Fighting
  3020 | D:4      | You fall into a shaft and drop 1 floor!
  3020 | D:5      | Entered Level 5 of the Dungeon
  3033 | D:5      | Found a white marble altar of Elyvilon.
  3239 | D:5      | Found a bloodstained altar of Trog.
  3477 | D:5      | Reached XP level 8. HP: 41/50 MP: 5/8
  3615 | D:5      | Reached skill level 6 in Axes
  3617 | D:5      | Reached skill level 1 in Shields
  3738 | D:5      | Found a blossoming altar of Fedhas.
  3758 | D:5      | Noticed an oklob plant
  4503 | D:6      | Reached XP level 9. HP: 52/55 MP: 6/9
  4640 | D:6      | Found a glowing silver altar of Zin.
  4640 | D:6      | Noticed an angel
  4695 | D:7      | Reached skill level 7 in Axes
  4702 | D:7      | Reached skill level 5 in Armour
  4905 | D:7      | Reached skill level 5 in Dodging
  5047 | D:7      | Found an ornate altar of the Wu Jian Council.
  5096 | D:7      | Found Zeuqu's Elemental Accessories.
  5570 | D:7      | Found a staircase to the Ecumenical Temple.
  5717 | D:8      | Noticed Maurice
  5725 | D:8      | Killed Maurice
  5726 | D:8      | Reached skill level 8 in Axes
  5732 | D:8      | Reached XP level 10. HP: 63/63 MP: 10/10
  5732 | D:8      | Noticed Erica
  5745 | D:8      | Killed Erica
  5883 | D:8      | Reached skill level 9 in Axes
  5891 | D:8      | Found a sand-covered staircase.
  5894 | D:8      | Noticed Psyche
  5896 | Ossuary  | Entered an ossuary
  6000 | Ossuary  | Reached ****** piety under Qazlal
  6043 | Ossuary  | Noticed Menkaure
  6047 | Ossuary  | Killed Menkaure
  6310 | D:8      | Killed Psyche
  6394 | D:8      | Found a shadowy altar of Dithmenos.
  6853 | D:9      | Noticed a two-headed ogre
  6857 | D:9      | Noticed a two-headed ogre
  7013 | D:9      | Reached XP level 11. HP: 57/69 MP: 11/11
  7038 | D:9      | Reached skill level 10 in Axes
  7201 | D:9      | Killed a two-headed ogre
  7317 | D:9      | Killed a two-headed ogre
  7585 | D:9      | Found a staircase to the Lair.
  7844 | D:10     | Entered Level 10 of the Dungeon
  7848 | D:10     | Found a large runed translucent door.
  7848 | D:10     | Found a large runed translucent door.
  7849 | D:10     | Noticed test's ghost (journeyman DjSh)
  8062 | D:10     | Found a staircase to the Orcish Mines.
  8209 | D:10     | Noticed a white ugly thing
  8216 | D:10     | Killed a white ugly thing
  8494 | D:10     | Noticed a two-headed ogre
  8502 | D:10     | Killed a two-headed ogre
  8680 | D:11     | Noticed a cyclops
  8681 | D:11     | Found Mofackih's Assorted Antiques.
  8691 | D:11     | Killed a cyclops
  8692 | D:11     | Reached skill level 11 in Axes
  8790 | D:11     | Bought a runed cloak for 255 gold pieces
  8790 | D:11     | Bought a pair of embroidered gloves for 255 gold pieces
  8823 | D:11     | Noticed a white ugly thing
  8836 | D:11     | Killed a white ugly thing
  9020 | D:11     | Noticed a cyclops
  9031 | D:11     | Killed a cyclops
  9552 | D:11     | Found Hobe's Magic Scroll Emporium.
  9676 | D:11     | Identified a scroll of acquirement
  9827 | D:12     | Noticed a green ugly thing
  9836 | D:12     | Reached XP level 12. HP: 77/77 MP: 12/12
 10037 | Lair:1   | Entered Level 1 of the Lair of Beasts
 10132 | Lair:1   | Reached skill level 10 in Fighting
 10396 | Lair:1   | Reached skill level 12 in Axes
 10924 | Lair:1   | Found a shadowy altar of Dithmenos.
 10984 | Lair:1   | Reached skill level 10 in Armour
 11699 | Lair:2   | Found a gate leading to a gauntlet.
 11712 | Gauntlet | Entered a Gauntlet
 11712 | Gauntlet | Found a transporter.
 11712 | Gauntlet | Found a runed translucent door.
 11713 | Gauntlet | Found a runed translucent door.
 11717 | Gauntlet | Found a transporter.
 11721 | Gauntlet | Found a transporter.
 11729 | Gauntlet | Found a transporter.
 11733 | Gauntlet | Found a transporter.
 11741 | Gauntlet | Found a transporter.
 11745 | Gauntlet | Found a transporter.
 11751 | Gauntlet | Noticed a great orb of eyes
 11753 | Gauntlet | Found a transporter.
 11757 | Gauntlet | Found a transporter.
 11759 | Gauntlet | Noticed a death yak
 11759 | Gauntlet | Noticed a death yak
 11759 | Gauntlet | Noticed a death yak
 11760 | Gauntlet | Noticed a death yak
 11761 | Gauntlet | Noticed a death yak
 11765 | Gauntlet | Found a transporter.
 11786 | Gauntlet | Found a transporter.
 11798 | Gauntlet | Found a transporter.
 11811 | Gauntlet | Found a transporter.
 11824 | Gauntlet | Found a transporter.
 11893 | Gauntlet | Identified the +6 morningstar of Poverty {freeze, Str+3
                  | Int-5 Dex+2}
 11901 | Gauntlet | Reached XP level 13. HP: 60/84 MP: 8/13
 12158 | Gauntlet | Killed a great orb of eyes
 12164 | Gauntlet | Reached skill level 1 in Stealth
 12296 | Gauntlet | Reached skill level 13 in Axes
 12370 | Gauntlet | Identified the amulet "Ilades" {Faith rF+ Regen+ Int+4
                  | SInv}
 12386 | Gauntlet | Noticed a minotaur
 12400 | Gauntlet | Killed a minotaur
 12453 | Gauntlet | Identified the ring of Pyuwe {rF+ rN+ Will+ Int+2}
 12626 | Lair:2   | You fall into a shaft and drop 2 floors!
 12977 | Lair:3   | Gained mutation: Your large and strong wings let you fly.
                  | [Gargoyle growth]
 12977 | Lair:3   | Reached XP level 14. HP: 85/92 MP: 14/14
 13528 | Lair:3   | Reached skill level 14 in Axes
 13537 | Lair:3   | Reached skill level 5 in Stealth
 13540 | Lair:3   | Found a staircase to the Swamp.
 13785 | Lair:2   | Found a hole to the Spider Nest.
 14666 | Lair:5   | Entered Level 5 of the Lair of Beasts
 15100 | Lair:5   | Found a viscous altar of Jiyva.
 15367 | Lair:5   | Found a staircase to the Slime Pits.
 15597 | Orc:1    | Entered Level 1 of the Orcish Mines
 15603 | Orc:1    | Noticed Harold
 15604 | Orc:1    | Noticed Sonja
 15614 | Orc:1    | Killed Harold
 15818 | Abyss:1  | Cast into level 1 of the Abyss (Sonja)
 15950 | Abyss:1  | Noticed a cacodemon
 16089 | Abyss:1  | Acquired the +3 pair of seven-league boots {Rampage+∞}
 16089 | Abyss:1  | Found the +3 pair of seven-league boots {Rampage+∞}
 16141 | Abyss:1  | Reached skill level 15 in Axes
 16141 | Abyss:1  | Reached XP level 15. HP: 83/97 MP: 15/15
 16153 | Abyss:1  | Noticed a balrug
 16201 | Abyss:1  | Noticed a tentacled starspawn
 16208 | Abyss:1  | Killed a tentacled starspawn
 16209 | Abyss:1  | Reached skill level 10 in Dodging
 16225 | Abyss:1  | HP: 3/98 [shadow wraith (14)]
 16249 | Orc:1    | Escaped the Abyss
 16375 | Abyss:1  | Found a corrupted altar of Lugonu.
 16375 | Abyss:1  | Cast into level 1 of the Abyss (Sonja)
 16490 | Abyss:1  | Noticed an angel
 16499 | Abyss:1  | Noticed a tentacled starspawn
 16511 | Abyss:1  | Killed a tentacled starspawn
 16521 | Abyss:1  | Killed an angel
 16594 | Abyss:1  | Noticed a bone dragon
 16614 | Abyss:1  | Killed a bone dragon
 16620 | Orc:1    | Escaped the Abyss
 16991 | D:10     | Killed test's ghost
 17051 | Orc:1    | Killed Sonja
 17086 | Orc:1    | Noticed Fannar
 17105 | Orc:1    | Killed Fannar
 17300 | Orc:2    | Entered Level 2 of the Orcish Mines
 17329 | Orc:2    | Noticed an orc warlord
 17346 | Orc:1    | Killed an orc warlord
 17509 | Orc:2    | Found a staircase to the Elven Halls.
 17684 | Orc:2    | Found Qiwkok's Magic Scroll Boutique.
 17691 | Orc:2    | Found Orox's Magic Scroll Shop.
 17887 | Orc:2    | Bought a scroll of enchant armour for 112 gold pieces
 17887 | Orc:2    | Bought a scroll of enchant weapon for 112 gold pieces
 18086 | Orc:2    | Reached skill level 16 in Axes
 18154 | Orc:2    | Found Nodd's Antique Armour Emporium.
 18154 | Orc:2    | Found Zucwih's Jewellery Shoppe.
 18155 | Orc:2    | Found a one-way gate leading to the halls of Pandemonium.
 18157 | Orc:2    | Bought a scorched chain mail for 228 gold pieces
 18157 | Orc:2    | Identified the +1 chain mail of Mutualism {rF+++ Will-
                  | Str-2 Int+4} (You bought it in a shop on level 2 of the
                  | Orcish Mines)
 18424 | Lair:5   | Reached XP level 16. HP: 86/105 MP: 16/16
 18554 | Spider:1 | Entered Level 1 of the Spider Nest
 18778 | Spider:1 | Identified the +7 flail "Pulim" {venom, Will+}
 19053 | Spider:1 | Gained mutation: Your movements are slightly less
                  | encumbered by armour. (ER -2) [mutagenic glow]
 19918 | Spider:3 | Reached skill level 17 in Axes
 19980 | Spider:3 | Reached XP level 17. HP: 30/112 MP: 17/17
 20407 | Spider:3 | Identified the +1 pair of gloves of Fofy {rElec rPois MP+9
                  | Int+2}
 20628 | Spider:3 | Reached skill level 15 in Fighting
 21074 | Spider:4 | Entered Level 4 of the Spider Nest
 21489 | Spider:4 | Identified the +9 long sword "Qotadd" {freeze, *Rage Dex+4}
 21514 | Spider:4 | Identified the blade talisman "Farch" {Will+ Int+5}
 22177 | Spider:4 | Reached skill level 18 in Axes
 22177 | Spider:4 | Reached skill level 15 in Armour
 22622 | Spider:4 | Noticed Donald
 22638 | Spider:4 | Killed Donald
 22755 | Spider:4 | Got a gossamer rune of Zot
 23189 | Swamp:1  | Entered Level 1 of the Swamp
 23189 | Swamp:1  | Noticed Frances
 23196 | Lair:3   | Killed Frances
 23300 | Swamp:1  | Noticed Kirke
 23321 | Swamp:1  | Killed Kirke
 23435 | Swamp:1  | Reached XP level 18. HP: 111/120 MP: 18/18
 23837 | Swamp:2  | Noticed Jorgrun
 23860 | Swamp:2  | Killed Jorgrun
 23891 | Swamp:2  | Found a frozen archway.
 23898 | IceCv    | Entered an ice cave
 24320 | IceCv    | Noticed a lich
 24351 | IceCv    | Killed a lich
 24394 | IceCv    | Found an ancient bone altar of Kikubaaqudgha.
 24889 | Swamp:2  | Noticed a tentacled monstrosity
 24900 | Swamp:2  | Killed a tentacled monstrosity
 24914 | Swamp:2  | Identified the serpent talisman of Greed {rElec rPois
                  | Dex-2}
 24914 | Swamp:2  | Noticed Aizul
 24927 | Swamp:2  | Killed Aizul
 24928 | Swamp:2  | You are sucked into a shaft and drop 1 floor!
 24928 | Swamp:3  | Identified the of Ruopn
 25007 | Swamp:3  | Reached skill level 19 in Axes
 25780 | Swamp:4  | Entered Level 4 of the Swamp
 25864 | Swamp:4  | Reached XP level 19. HP: 100/127 MP: 19/19
 26016 | Swamp:4  | Noticed a tentacled monstrosity
 26025 | Swamp:4  | Killed a tentacled monstrosity
 26249 | Swamp:4  | Got a decaying rune of Zot
 26629 | Vaults:2 | Identified the "Inoerev"
 26629 | Vaults:5 | Identified the "Joasapeu"
 26629 | Depths:1 | Identified the "Uxakazuh"
 26629 | Depths:1 | Identified the of Hoozy
 26629 | Elf:1    | Entered Level 1 of the Elven Halls
 27531 | Elf:2    | Found Lothoja's Jewellery Boutique.
 27723 | Elf:2    | Found a runed translucent gate.
 27725 | Elf:2    | Found a runed translucent gate.
 27730 | Elf:2    | Found a runed translucent gate.
 27794 | Elf:2    | Paralysed by an air elemental for 1 turns
 28072 | Elf:2    | Identified the +4 ring mail "Hadwih" {Str-4 Slay+5}
 28194 | Elf:2    | Reached skill level 20 in Axes
 28662 | Elf:3    | Identified the "Pakk"
 28662 | Elf:3    | Entered Level 3 of the Elven Halls
 28736 | Elf:3    | Acquired the +1 crystal plate armour of the Furies {Dex+5}
 29207 | Elf:3    | Reached XP level 20. HP: 99/134 MP: 20/20
 29251 | Elf:3    | Paralysed by an air elemental for 1 turns
 29320 | Elf:3    | Identified the +7 falchion "Vifewe" {spect, *Slow Fly rF+++
                  | Str+3}
 29320 | Elf:3    | Identified the +3 great mace "Okhlool" {venom, Dex+5}
 29320 | Elf:3    | Identified the ring "Huliang" {rN+ MP+9 Str+8}
 29321 | Elf:3    | Killed from afar by a deep elf elementalist

Illustrated notes

Levels and vault maps discovered:
D:1:      minmay_arrival_radiant_lines, layout_loops_ring,
          hellmonk_ecumenical_altar_defaced_shrine, minmay_tetromino_t4
D:2:      minmay_roachtagon, layout_rooms, basic_altar,
          kennysheep_generic_room_9, uniq_sigmund
D:3:      layout_loops_corners, vehumet_altar_wand_db,
          cheibrodos_sewer_entry_drain, minmay_diced_spiral
D:4:      layout_gridville
D:5:      layout_loops_ring, tgw_fedhas, mainiacjoe_overflow_alcove_2,
          elyvilon_altar_3, serial_bayou_lake_a
D:6:      layout_gridville, zin_angel
D:7:      layout_basic, mainiacjoe_overflow_chevrons,
          minmay_temple_entry_overgrown, nicolae_elemental_shop
D:8:      layout_basic, nicolae_dithmenos_through_a_glass_darkly,
          nicolae_ossuary_entry_false_entrances, minmay_misc_feat_more_columns,
          hangedman_decor_clover_reticule, kennysheep_small_circle, uniq_erica,
          uniq_psyche, uniq_maurice
D:9:      layout_cave_pools, david_lair_shrubbed
D:10:     layout_roguey, orc_0_dummy, ebering_ghost_disaster_area, st_stairs_10,
          minmay_three_doors
D:11:     layout_layer_cave, serial_shops, nicolae_shop_trees, shop,
          kennysheep_generic_room_14
D:12:     layout_irregular_city, minmay_misc_feat_four_crosses
Lair:1:   beast_lair_carwin_large_1, layout_layer_cave, basic_altar
Lair:2:   beast_lair_carwin_large_3, layout_hall_layers,
          nicolae_spider_entry_lesser_pyramids, gauntlet_entry_generic
Lair:3:   layout_long_grid, nicolae_swamp_entry_splash_gauntlet
Lair:4:   layout_big_grid
Lair:5:   minmay_lair_end_frog_pond, layout_loops_ring,
          minmay_slime_entry_oklob_open, minivault_25, small_statue_intersection
Swamp:1:  layout_basic_swamp, nicolae_swamp_trees_clearing, swamp_pool1,
          uniq_kirke, uniq_frances
Swamp:2:  cheibrodos_swamp_tower_of_moss, layout_falls_marsh,
          portal_ice_cave_entry_dragon, evilmike_swamp_ruin_house_2, uniq_aizul,
          uniq_jorgrun
Swamp:3:  layout_falls_marsh, evilmike_swamp_ruin_house_5, grunt_hermit_hut
Swamp:4:  grunt_swamp_rune_castle, layout_basic_swamp
Spider:1: layout_spider_delve
Spider:2: layout_spider_delve
Spider:3: layout_cave_pods
Spider:4: grunt_spider_rune_parallel, uniq_donald
Orc:1:    layout_diamond_mine, uniq_fannar, uniq_harold, uniq_sonja
Orc:2:    pf_orc_diabolical, layout_caves
Elf:1:    layout_gridlike, minmay_elf_crystal_hexagon, hex_intersection,
          feat_on_display, grunt_megastairs_5
Elf:2:    nicolae_elf_blades_splatter_lattice
          [nicolae_vaults_blade_armed_guards], layout_geoelf_grid, serial_shops,
          nicolae_shop_gibbet_a_chance
Elf:3:    minmay_elf_hall_curves, layout_geoelf_octagon, grunt_ministairs_3,
          hangedman_elf_simple_split, grunt_megastairs_2

Skill      XL: |  1  2  3  4  5  6  7  8  9 10 11 12 13 14 15 16 17 18 19 |
---------------+----------------------------------------------------------+-----
Axes           | 3 4 5 6 8 9 11 12 13 15 16 17 18 19 20 | 20.5
Armour         | 1 2 3 4 6 7 8 10 11 12 13 14 15 16 17 | 17.2
Fighting       | 4 5 6 7 8 9 11 12 13 14 15 16 17 | 17.5
Dodging        | 3 4 5 6 7 8 9 10 11 12 13 | 13.7
Shields        | 2 3 |  3.7
Stealth        | 4 7 8 9 |  9.7

Action                     |  1- 3 |  4- 6 |  7- 9 | 10-12 | 13-15 | 16-18 | 19-21 || total
---------------------------+-------+-------+-------+-------+-------+-------+-------++-------
  Melee: Hand axe          |   113 |   108 |   216 |       |       |       |       ||   437
         Battleaxe         |       |       |    15 |   449 |   883 |  1083 |   467 ||  2897
    Use: Scroll            |       |       |    16 |    10 |    16 |     6 |     7 ||    55
         Potion            |       |       |       |       |     6 |       |     2 ||     8
   Stab: Petrified         |       |       |       |       |     4 |       |       ||     4
         Invisible         |       |       |       |       |     3 |       |       ||     3
         Confused          |       |       |       |       |       |     1 |       ||     1
 Armour: Robe              |    26 |       |       |       |       |       |       ||    26
         Plate armour      |    58 |    79 |   207 |   360 |   790 |  1042 |   254 ||  2790
         Crystal plate arm |       |       |       |       |       |       |    70 ||    70
  Dodge: Dodged            |    46 |    37 |    74 |   181 |   387 |   646 |   163 ||  1534
         Repelled          |       |     1 |       |     3 |    11 |    19 |    14 ||    48
  Block: Orb               |    13 |    25 |    17 |       |       |       |       ||    55
         Buckler           |       |       |   115 |       |       |       |       ||   115
         Other             |       |       |     9 |   185 |   328 |   432 |   108 ||  1062

Table legend: (Time is in decaauts)
 A = Elapsed time spent in this place.
 B = Non-inter-level travel time spent in this place.
 C = Inter-level travel time spent in this place.
 D = Time resting spent in this place.
 E = Time spent auto-exploring this place.
 F = Levels seen in this place.
 G = Mean time per level.
                   A        B        C        D        E       F      G
               +--------+--------+--------+--------+--------+-----+--------+
         Total |  29335 |  27038 |   2297 |   2219 |  18489 |  36 |  814.9 |
       Dungeon |  10701 |   9682 |   1019 |    274 |   7640 |  12 |  891.8 |
          Lair |   4979 |   4394 |    585 |    143 |   3474 |   5 |  995.8 |
         Swamp |   2252 |   2075 |    177 |     53 |   1529 |   4 |  563.0 |
   Spider Nest |   4501 |   4236 |    265 |    881 |   2409 |   4 | 1125.2 |
  Orcish Mines |   1331 |   1199 |    132 |     73 |    680 |   2 |  665.5 |
   Elven Halls |   2580 |   2463 |    117 |    143 |   1812 |   3 |  860.0 |
         Abyss |    672 |    672 |      0 |    134 |    153 |   2 |  336.0 |
         Sewer |    313 |    313 |      0 |      0 |    107 |   1 |  313.0 |
       Ossuary |    411 |    411 |      0 |      0 |    241 |   1 |  411.0 |
      Ice Cave |    765 |    765 |      0 |    214 |    185 |   1 |  765.0 |
      Gauntlet |    826 |    826 |      0 |    304 |    259 |   1 |  826.0 |
               +--------+--------+--------+--------+--------+-----+--------+

Top non-repeatable levels by time:
Spider:4: 1821 daAuts
  Lair:1: 1427 daAuts
    D:10: 1384 daAuts
Spider:3: 1290 daAuts
     D:5: 1216 daAuts
     D:9: 1125 daAuts
   Elf:2: 1084 daAuts
     D:7: 1082 daAuts
    D:11: 1069 daAuts
  Lair:3: 1037 daAuts
     D:8: 1021 daAuts
     D:1: 964 daAuts
  Lair:5: 946 daAuts
     D:3: 913 daAuts
Spider:1: 910 daAuts
